 Dungeon Crawl Stone Soup version 0.28.0-53-g5a82cb258f (webtiles) character file.

Game seed: 18047064934816632371

13131 DemonSlayer the Thaumaturge (level 11, -5/75 HPs)
             Began as a Demonspawn Fire Elementalist on Aug 1, 2022.
             Was a High Priest of Cheibriados.
             Slain by a komodo dragon (23 damage)
             ... on level 2 of the Lair of Beasts.
             The game lasted 00:28:59 (13947 turns).

DemonSlayer the Thaumaturge (DsFE)                 Turns: 13947, Time: 00:28:59

Health: -5/75      AC: 20    Str: 20    XL:     11   Next: 71%
Magic:  26/26      EV: 11    Int: 32    God:    Cheibriados [*****.]
Gold:   450        SH:  0    Dex: 24    Spells: 14/32 levels left

rFire   x x .      SeeInvis .   j - +1 demon whip (elec)
rCold   + + +      Faith    .   (no shield)
rNeg    . . .      Spirit   .   r - +3 scale mail {rC+}
rPois   .          Reflect  .   (no helmet)
rElec   .          Harm     .   (no cloak)
rCorr   .          Rampage  .   v - +2 pair of gloves
Will    .....                   d - +0 pair of boots
Stlth   ++........              p - amulet of magic regeneration
HPRegen 0.22/turn               q - ring of ice
MPRegen 0.60/turn               t - ring of ice

@: sanguine armoured, very slow
A: powered by death 1, spiny 2, sanguine armour 1
a: Renounce Religion, Bend Time, Temporal Distortion, Slouch, Step From Time


You were on level 2 of the Lair of Beasts.
You worshipped Cheibriados.
Cheibriados was extremely pleased with you.
You visited 3 branches of the dungeon, and saw 11 of its levels.

You collected 450 gold pieces.

Inventory:

Hand Weapons
 j - a +1 demon whip of electrocution (weapon)
Missiles
 h - 36 sling bullets
Armour
 d - a +0 pair of boots (worn)
 r - a +3 scale mail of cold resistance (worn)
 v - a +2 pair of gloves (worn)
Jewellery
 p - an amulet of magic regeneration (around neck)
 q - a ring of ice (left hand)
 t - a ring of ice (right hand)
Scrolls
 c - 2 scrolls of amnesia
 f - 6 scrolls of teleportation
Potions
 g - a potion of berserk rage {unknown}
 k - 5 potions of ambrosia
 l - 2 potions of mutation
 m - a potion of flight {unknown}
 n - 2 potions of attraction
 o - 2 potions of curing
 x - a potion of cancellation {unknown}


   Skills:
 + Level 3.0 Fighting
 + Level 0.6 Short Blades
 + Level 3.0 Maces & Flails
 + Level 6.0 Slings
 + Level 0.3(3.6) Throwing
 + Level 3.3 Armour
 + Level 2.7 Dodging
 + Level 3.6 Stealth
 + Level 11.1 Spellcasting
 + Level 3.7 Conjurations
 + Level 9.9 Fire Magic
 + Level 0.5 Evocations


You had 14 spell levels left.
You knew the following spells:

 Your Spells              Type           Power      Damage    Failure   Level
a - Foxfire               Conj/Fire      100%       2x1d9     1%          1
b - Scorch                Fire           100%       2d10      1%          2
c - Conjure Flame         Conj/Fire      57%        6-21      1%          3
d - Flame Wave            Conj/Fire      57%        2d11      4%          4
e - Dispel Undead         Necr           17%        3d10      58%         4
f - Fulminant Prism       Conj/Hex       14%        3d9       34%         4

Your spell library contained the following spells:

 Spells                   Type           Power      Damage    Failure   Level
 Magic Dart               Conj           100%       1d8       1%          1
 Searing Ray              Conj           82%        2d7       2%          2
 Inner Flame              Hex/Fire       49%        N/A       3%          3
 Corpse Rot               Necr/Air       34%        N/A       12%         2
 Death Channel            Necr           8%         N/A       100%        6


Dungeon Overview and Level Annotations

Branches:
Dungeon (8/15)             Temple (1/1) D:4            Lair (2/6) D:8
  Swamp: Lair:2-4    Shoals: Lair:2-4     Snake: Lair:2-4    Spider: Lair:2-4

Altars:
Ashenzari
Cheibriados
Dithmenos
Elyvilon
Fedhas
Gozag
Hepliaklqana
Kikubaaqudgha
Makhleb
Nemelex Xobeh
Okawaru
Qazlal
Ru
Sif Muna
Trog
Uskayaw
Vehumet
Wu Jian
Xom
Yredelemnul
Zin
The Shining One

Annotations:
D:8 1 runed translucent door, DocClef's ghost, journeyman GnFi


Innate Abilities, Weirdness & Mutations

You regenerate a little health from kills.
You are mostly covered in sharp spines.
When seriously injured, your blood forms armour. (AC +6)


Message History

The cane toad is no longer more vulnerable to fire.
The cane toad misses you.
Flames lash the komodo dragon.
The komodo dragon is moderately wounded.
The komodo dragon's fire resistance burns away.
You feel sick. The cane toad stings you!
Your blood congeals into armour.
Unknown command.
Flames lash the cane toad.
The cane toad is moderately wounded.
The cane toad's fire resistance burns away.
You feel sick.
The cane toad stings you but does no damage.
The komodo dragon bites you.
Unknown command.
Flames lash the cane toad.
The cane toad is burned terribly!
The cane toad is severely wounded.
You feel sick.
The cane toad stings you but does no damage.
The komodo dragon bites you!!
* * * LOW HITPOINT WARNING * * *
Unknown command.
You are too injured to fight recklessly!
Unknown command.
You are too injured to fight recklessly!
As you read the scroll of fear, it crumbles to dust.
You assume a fearsome visage.
The cane toad looks frightened!
The komodo dragon looks frightened!
You feel sick.
You feel sick.
The komodo dragon is no longer more vulnerable to fire.
You feel sick.
You feel sick.
You feel sick.
You feel sick.
You are no longer poisoned.
A cane toad comes into view.
Okay, then.
There is an escape hatch in the ceiling here.
Okay, then.
The komodo dragon bites you!!
You die...

#..⌠...............
....##.#..........#..
............P.P..######
.........####.P...###
....................#
#.#.....###.........#.#
##.................
##.##..l.#...P#P..
##.@.#...P#..
#........## ####.##.##
####.# .... ##.##
##..## #..P# #....#
###..## ###....#
##.....# #.P....##
#...P.###


You could see a komodo dragon.

Vanquished Creatures
  4 hydras (Lair:1)
  2 black mambas
  3 cane toads
  3 komodo dragons
  A rime drake (Lair:2)
  A troll (D:5)
  Grinder (D:3)
  4 blink frogs (Lair:1)
  A basilisk (Lair:2)
  17 yaks
  A steam dragon (D:8)
  8 water moccasins
  A sky beast (D:8)
  An ice beast (D:6)
  3 ogres
  6 wolves (Lair:2)
  3 phantoms (D:6)
  Blork the orc (D:4)
  7 bullfrogs
  A wyvern zombie (D:7)
  2 water moccasin zombies (D:5)
  4 killer bees (D:7)
  9 wights
  A howler monkey (D:6)
  A bullfrog zombie (D:6)
  A centaur zombie (D:8)
  3 hounds (D:5)
  2 bullfrog skeletons
  5 jellies
  An orc priest (D:4)
  A gnoll shaman (D:6)
  4 iguanas
  6 orc wizards
  A scorpion zombie (D:3)
  A killer bee zombie (D:7)
  A howler monkey zombie (D:6)
  3 gnolls (D:6)
  9 adders
  2 white imps (D:7)
  3 adder skeletons (D:4)
  6 dart slugs
  19 orcs
  4 endoplasms
  7 giant cockroaches
  10 goblins
  7 hobgoblins
  3 jackals (D:2)
  2 quokkas
  8 ball pythons
  6 bats
  6 frilled lizards
  2 kobolds
  4 rats
213 creatures vanquished.

Vanquished Creatures (collateral kills)
  4 foxfires
4 creatures vanquished.

Vanquished Creatures (others)
  354 foxfires
  3 fungi
  14 plants
371 creatures vanquished.

Grand Total: 588 creatures vanquished

Notes
Turn   | Place    | Note
-------+----------+-------------------------------------------
     0 | D:1      | DemonSlayer the Demonspawn Fire Elementalist began the
                  | quest for the Orb.
     0 | D:1      | Reached XP level 1. HP: 13/13 MP: 3/3
   314 | D:1      | Gained mutation: You are partially covered in sharp spines.
                  | [demonic ancestry]
   314 | D:1      | Reached XP level 2. HP: 19/19 MP: 0/5
   317 | D:1      | Learned a level 2 spell: Scorch
   475 | D:1      | Found a faded altar of an unknown god.
  1431 | D:1      | Gained mutation: You are mostly covered in sharp spines.
                  | [demonic ancestry]
  1431 | D:1      | Reached XP level 3. HP: 24/24 MP: 3/6
  1798 | D:1      | Learned a level 3 spell: Conjure Flame
  2029 | D:2      | Found a bloodstained altar of Trog.
  2040 | D:2      | Noticed an ogre
  2570 | D:3      | Reached XP level 4. HP: 12/30 MP: 0/8
  2920 | D:3      | Noticed Grinder
  2937 | D:3      | Killed Grinder
  2938 | D:3      | Reached skill level 1 in Slings
  2938 | D:3      | Reached skill level 3 in Spellcasting
  2938 | D:3      | Gained mutation: You regenerate a little health from kills.
                  | [demonic ancestry]
  2938 | D:3      | Reached XP level 5. HP: 29/36 MP: 0/10
  2938 | D:3      | Reached XP level 6. HP: 34/42 MP: 0/11
  3884 | D:3      | Learned a level 4 spell: Flame Wave
  4766 | D:4      | Reached skill level 1 in Maces & Flails
  4766 | D:4      | Reached skill level 4 in Spellcasting
  4771 | D:4      | Reached XP level 7. HP: 33/47 MP: 0/13
  5527 | D:4      | Noticed Blork the orc
  5536 | D:4      | Killed Blork the orc
  5626 | D:4      | Found a staircase to the Ecumenical Temple.
  5639 | Temple   | Entered the Ecumenical Temple
  6132 | Temple   | Became a worshipper of Cheibriados the Contemplative
  6439 | D:5      | Entered Level 5 of the Dungeon
  6461 | D:5      | Found a sparkling altar of Nemelex Xobeh.
  6543 | D:5      | Reached skill level 1 in Fighting
  6667 | D:5      | Reached skill level 5 in Spellcasting
  7115 | D:5      | Noticed a troll
  7121 | D:5      | Killed a troll
  7122 | D:5      | Reached skill level 5 in Fire Magic
  7122 | D:5      | Gained mutation: When seriously injured, your blood forms
                  | armour. (AC +6) [demonic ancestry]
  7122 | D:5      | Reached XP level 8. HP: 54/54 MP: 6/16
  7384 | D:5      | Learned a level 4 spell: Dispel Undead
  7552 | D:7      | Reached * piety under Cheibriados
  8005 | D:7      | Reached skill level 6 in Spellcasting
  8317 | D:7      | Reached XP level 9. HP: 58/61 MP: 11/18
  8346 | D:7      | Reached ** piety under Cheibriados
  8977 | D:6      | Reached skill level 5 in Slings
  9592 | D:6      | Learned a level 4 spell: Fulminant Prism
  9751 | D:6      | Reached skill level 7 in Spellcasting
 10202 | D:8      | Reached skill level 1 in Armour
 10316 | D:8      | Reached *** piety under Cheibriados
 10614 | D:8      | Found a blossoming altar of Fedhas.
 10709 | D:8      | Noticed DocClef's ghost (journeyman GnFi)
 10833 | D:8      | Found a runed translucent door.
 10887 | D:8      | Found a staircase to the Lair.
 11229 | Lair:1   | Entered Level 1 of the Lair of Beasts
 11238 | Lair:1   | Noticed a four-headed hydra
 11245 | Lair:1   | Killed a four-headed hydra
 11246 | Lair:1   | Reached XP level 10. HP: 59/68 MP: 10/21
 11348 | Lair:1   | Noticed a six-headed hydra
 11353 | Lair:1   | Killed a six-headed hydra
 11354 | Lair:1   | Reached skill level 8 in Spellcasting
 11441 | Lair:1   | Noticed a cane toad
 11448 | Lair:1   | Killed a cane toad
 11556 | Lair:1   | Noticed a four-headed hydra
 11564 | Lair:1   | Killed a four-headed hydra
 11565 | Lair:1   | Reached skill level 9 in Spellcasting
 11746 | Lair:1   | Noticed a black mamba
 11751 | Lair:1   | Killed a black mamba
 11839 | Lair:1   | Noticed a cane toad
 11846 | Lair:1   | Killed a cane toad
 11861 | Lair:1   | Noticed an eight-headed hydra
 11869 | Lair:1   | Killed an eight-headed hydra
 11870 | Lair:1   | Reached XP level 11. HP: 73/73 MP: 8/24
 12042 | Lair:1   | Reached **** piety under Cheibriados
 12043 | Lair:1   | Reached skill level 10 in Spellcasting
 13336 | Lair:2   | Reached ***** piety under Cheibriados
 13592 | Lair:2   | Reached skill level 11 in Spellcasting
 13947 | Lair:2   | Slain by a komodo dragon

Illustrated notes

Levels and vault maps discovered:
D:1:      dpeg_arrival_court, layout_basic, dreamdust_ecumenical_altar_grove
D:2:      layout_loops_cross, basic_altar, minmay_tromino_v4_a
D:3:      layout_basic, uniq_grinder
D:4:      layout_loops_ring, minmay_temple_entry_wispy, uniq_blork_the_orc
D:5:      layout_loops_ring, lemuel_tele_altar, serial_bayou_pond_c,
          st_stairs_12
D:6:      layout_cave_pools
D:7:      layout_loops_ring, enter_bailey_5
D:8:      layout_loops_ring, mainiacjoe_overflow_24_doors,
          hellmonk_ghost_big_iron, solitary_fountain, hangedman_decor_growths,
          grunt_decor_arrowhead
Temple:   mainiacjoe_temple_cubbyholes
Lair:1:   layout_cave_pods, grunt_megastairs_5
Lair:2:   layout_misc_corridors, hangedman_tree_tricks, serial_bayou_crossing,
          grunt_megastairs_1, serial_bayou_shore_b

Skill      XL: |  1  2  3  4  5  6  7  8  9 10 11 |
---------------+----------------------------------+-----
Fire Magic     | 3 4 5 7 8 9 |  9.9
Stealth        | 2 3 |  3.6
Slings         | 1 2 4 5 6 |  6.0
Dodging        | 2 |  2.7
Spellcasting   | 3 4 5 6 7 9 11 | 11.1
Conjurations   | 2 3 |  3.7
Maces & Flails | 1 2 3 |  3.0
Fighting       | 1 2 3 |  3.0
Armour         | 2 3 |  3.3
Short Blades   | |  0.6
Throwing       | |  0.3
Evocations     | |  0.5

Action                   |  1- 3 |  4- 6 |  7- 9 | 10-12 || total
-------------------------+-------+-------+-------+-------++-------
Melee: Unarmed           |     1 |       |       |       ||     1
       Dagger            |    20 |       |       |       ||    20
       Punch             |     2 |       |       |       ||     2
       Demon whip        |       |    22 |    24 |    24 ||    70
 Fire: Hunting sling     |     3 |     9 |   185 |     4 ||   201
Throw: Throwing net      |       |       |       |     3 ||     3
 Cast: Foxfire           |    69 |    63 |     4 |    76 ||   212
       Scorch            |     7 |     7 |   126 |    99 ||   239
       Conjure Flame     |       |       |     1 |     3 ||     4
Evoke: Wand              |       |       |       |     5 ||     5
  Use: Potion            |     1 |       |       |       ||     1
       Scroll            |       |       |    10 |     5 ||    15
 Stab: Sleeping          |     2 |     2 |     2 |       ||     6
Armor: Robe              |     9 |     6 |    16 |       ||    31
       Scale mail        |       |       |    17 |    43 ||    60
Dodge: Dodged            |    22 |    11 |    67 |    36 ||   136
